 Dungeon Crawl Stone Soup version 0.30-a0-122-g2a1322497e (webtiles) character file.

Game seed: 11188270309901499303

31 avis the Insei (level 3, -1/24 HPs)
             Began as an Octopode Transmuter on Sept 16, 2022.
             Slain by a river rat (9 damage)
             ... on level 2 of the Dungeon.
             The game lasted 00:07:00 (2044 turns).

avis the Insei (Octopode Transmuter)                Turns: 2044, Time: 00:07:01

Health: -1/24      AC:  1    Str:  9    XL:     3   Next: 22%
Magic:  3/6        EV: 13    Int: 17    God:
Gold:   96         SH:  0    Dex: 12    Spells: 2/6 levels left

rFire   . . .      SeeInvis .      - Unarmed
rCold   . . .      Faith    .    (no shield)
rNeg    . . .      Spirit   .    (helmet currently unavailable)
rPois   .          Reflect  .    (no amulet)
rElec   .          Harm     .    (no ring)
rCorr   .          Rampage  .    (no ring)
Will    .....                    (no ring)
Stlth   +++.......               (no ring)
HPRegen 0.08/turn                (no ring)
MPRegen 0.10/turn                (no ring)
                                 (no ring)
                                 (no ring)

@: appendages, very slightly contaminated
A: tentacle spike 3, almost no armour, amphibious, 8 rings, camouflage 1,
gelatinous body 1, (nimble swimmer 1), tentacles
a: End Transformation


You were on level 2 of the Dungeon.
One of your tentacles had grown a beastly spike.
You visited 1 branch of the dungeon, and saw 3 of its levels.

You collected 96 gold pieces.

Inventory:

Hand Weapons
 g - a +2 dagger of flaming
 l - a +1 mace of holy wrath
Missiles
 c - 5 poisoned darts
Jewellery
 d - an amulet of faith
Scrolls
 b - a scroll of immolation {unknown}
 e - 3 scrolls of fear {unknown}
 f - a scroll of vulnerability {unknown}
 i - a scroll of fog {unknown}
 k - a scroll of acquirement {unknown}
 m - a scroll of blinking {unknown}
Potions
 a - 2 potions of lignification
 h - a potion of flight {unknown}
 j - a potion of haste {unknown}


   Skills:
 - Level 2.0 Fighting
 - Level 2.0 Dodging
 - Level 1.0 Stealth
 * Level 3.7 Unarmed Combat
 - Level 2.0 Spellcasting
 - Level 2.0 Transmutations


You had 2 spell levels left.
You knew the following spells:

 Your Spells              Type           Power      Damage    Failure   Level
a - Beastly Appendage     Tmut           16%        N/A       9%          1
p - Spider Form           Tmut/Pois      5%         N/A       36%         3

Your spell library contained the following spells:

 Spells                   Type           Power      Damage    Failure   Level
 Wereblood                Tmut           8%         N/A       13%         2
 Ice Form                 Ice/Tmut       5%         N/A       77%         4
 Summon Lightning Spire   Summ/Air       1%         N/A       88%         4
 Storm Form               Tmut/Air       2%         N/A       100%        7
 Maxwell's Capacitive Co  Air            0%         ∞         100%        8


Dungeon Overview and Level Annotations

Branches:
Dungeon (3/15)

Altars:
Ru

Portals:
Sewer: D:3


Innate Abilities, Weirdness & Mutations

One of your tentacles has grown a beastly spike.
You cannot wear most types of armour.
You are amphibious.
You can wear up to eight rings at the same time.
Your skin changes colour to match your surroundings (Stealth+).
Your rubbery body absorbs attacks. (AC +1, EV +1)
((You are camouflaged when in or above water. (Stealth+)))
You have tentacles for arms and can constrict up to eight enemies at once.


Message History

You miscast Beastly Appendage.
Nothing appears to happen.
The river rat bites you but does no damage.
Casting: Beastly Appendage (safe; 9% risk of failure)
Confirm with . or Enter, or press ? or * to list all spells.
You miscast Beastly Appendage.
Nothing appears to happen.
The river rat closely misses you.
You tentacle-slap the river rat but do no damage.
You grab the river rat.
You squeeze the river rat, but do no damage.
You constrict the river rat, but do no damage.
The river rat bites you!
* * * LOW HITPOINT WARNING * * *
You release your grip on the river rat.
The river rat attacks as you move away! The river rat barely misses you.
Things that are here:
a giant cockroach corpse; a rat corpse
There is a stone staircase leading up, spattered with blood here.
The river rat misses you.
You climb upwards.
There is a stone staircase leading down here.
Casting: Beastly Appendage (safe; 9% risk of failure)
Confirm with . or Enter, or press ? or * to list all spells.
One of your tentacles grows a vicious spike.
The river rat barely misses you.
You closely miss the river rat. Your grab misses the river rat.
You pierce the river rat, but do no damage.
Your squeeze misses the river rat. The river rat misses you.
You closely miss the river rat. Your grab misses the river rat.
Your tentacle-slap misses the river rat.
The river rat completely misses you.
You completely miss the river rat. Your grab misses the river rat.
You pierce the river rat, but do no damage.
The river rat barely misses you.
You tentacle-slap the river rat but do no damage.
Your grab misses the river rat.
Your tentacle spike misses the river rat.
The river rat misses you.
You closely miss the river rat. Your grab misses the river rat.
The river rat bites you!
You die...

####..[#.####........#.#
#...........#..#..#.#
#...........#..#.##.#
###...#.._..#..#....#
####...#.....#..######
#............#..#
#.#######....#..#
###.#########..#.r#
................@.#
###.#############.#
.##.# #.........#.#
.##.# #.#######.#.#
.##.# #.# #.#.# ###.#
#.# #.#.# ....# #.#
#.#.# #######.# #.#.#
........# #.#.#


You could see a river rat.

Vanquished Creatures
  A worm (D:2)
  An endoplasm (D:1)
  2 giant cockroaches (D:3)
  A hobgoblin (D:2)
  2 quokkas (D:1)
  4 ball pythons
  5 bats
  3 frilled lizards
  4 kobolds
  6 rats
29 creatures vanquished.

Notes
Turn   | Place    | Note
-------+----------+-------------------------------------------
     0 | D:1      | avis the Octopode Transmuter began the quest for the Orb.
     0 | D:1      | Reached XP level 1. HP: 13/13 MP: 3/3
   385 | D:1      | Reached XP level 2. HP: 19/19 MP: 1/5
   580 | D:1      | Reached skill level 1 in Stealth
  1405 | D:2      | Found a sacrificial altar of Ru.
  1415 | D:2      | Reached XP level 3. HP: 24/24 MP: 4/6
  1419 | D:2      | Learned a level 3 spell: Spider Form
  2001 | D:3      | Found a glowing drain.
  2044 | D:2      | Slain by a river rat

Illustrated notes

Levels and vault maps discovered:
D:1:      mushboom_english_gardens, layout_rooms
D:2:      layout_basic, basic_altar
D:3:      layout_loops_cross, grunt_temple_overflow_open,
          chequers_ecumenical_altar_simple_redux, portal_sewer_entry_a

Skill      XL: |  1  2 |
---------------+-------+-----
Fighting       | 2 |  2.0
Stealth        | 1 |  1.0
Dodging        | |  2.0
Unarmed Combat | |  3.7
Spellcasting   | |  2.0
Transmutations | |  2.0

Action                   || total
-------------------------++-------
Melee: Unarmed           ||    64
       Kick              ||    21
       Constrict         ||    18
       Tentacles         ||    12
       Punch             ||     2
 Cast: Beastly Appendage ||    26
 Stab: Sleeping          ||     6
Armor: Skin              ||     9
Dodge: Dodged            ||    35

Table legend: (Time is in decaauts)
 A = Elapsed time spent in this place.
 B = Non-inter-level travel time spent in this place.
 C = Inter-level travel time spent in this place.
 D = Time resting spent in this place.
 E = Time spent auto-exploring this place.
 F = Levels seen in this place.
 G = Mean time per level.
                   A        B        C        D        E       F      G
               +--------+--------+--------+--------+--------+-----+--------+
         Total |   2041 |   1800 |    241 |    607 |    845 |   3 |  680.3 |
       Dungeon |   2041 |   1800 |    241 |    607 |    845 |   3 |  680.3 |
               +--------+--------+--------+--------+--------+-----+--------+

Top non-repeatable levels by time:
     D:2: 1144 daAuts
     D:1: 856 daAuts
     D:3: 41 daAuts
